AoeStats
← Clay001

MegaRandom

507979394Analyzed
2v2 RM · 12d ago on Sep 20, 2026· 46m 31s· 4 players
Game mode
Random Map
Map size
Medium (4 player)
Population
200
Speed
Normal
Resources
Standard
Victory
Conquest
Starting age
Dark Age
Ending age
Imperial Age
RankedLock teamsTeams togetherTeam positionsShared explorationLock speedFull tech treeHidden civsTurbo modeCheats
Victory
Defeat
🇨🇳 Italians · China
1110
+15
🇨🇳 Huns · China
1109
+16
🇦🇺 Byzantines · Australia
1103
-16
🇩🇪 Wei · Germany
1095
-15
Murmandus
4:29 Loom
10:33 Feudal Age
11:07 Double-Bit Axe
11:03 Horse Collar
11:35 Gold Mining
18:36 Castle Age
16:57 Stone Mining
18:00 Town Watch
18:53 Wheelbarrow
19:32 Bow Saw
19:44 Heavy Plow
21:12 Gold Shaft Mining
20:37 Fletching
22:59 Hand Cart
24:53 Bodkin Arrow
24:58 Padded Archer Armor
26:54 Ballistics
27:07 Elite Skirmisher
30:26 Thumb Ring
31:18 Stone Shaft Mining
36:40 Imperial Age
34:28 Town Patrol
35:10 Scale Barding Armor
36:27 Tuntian
37:02 Forging
37:07 Husbandry
38:27 Conscription
39:15 Bracer
41:48 Leather Archer Armor
44:02 Chemistry
cmd.exe
11:28 Feudal Age
16:15 Castle Age
16:23 Double-Bit Axe
17:51 Bow Saw
19:32 Horse Collar
21:39 Heavy Plow
24:05 Wheelbarrow
23:17 Loom
26:18 Scale Mail Armor
26:28 Forging
26:57 Scale Barding Armor
27:02 Forging
28:01 Hand Cart
31:01 Husbandry
32:01 Thumb Ring
31:18 Elite Skirmisher
36:25 Imperial Age
35:19 Chain Barding Armor
35:34 Iron Casting
34:50 Fletching
35:00 Padded Archer Armor
35:34 Padded Archer Armor
36:29 Heavy Camel Rider
38:07 Plate Barding Armor
43:45 Bodkin Arrow
44:05 Leather Archer Armor
44:34 Heavy Cavalry Archer
46:13 Bracer
46:43 Ring Archer Armor
Rubi2007
8:50 Loom
11:10 Feudal Age
15:08 Castle Age
13:29 Double-Bit Axe
14:00 Horse Collar
14:47 Gold Mining
16:05 Bloodlines
19:58 Husbandry
23:28 Bow Saw
24:09 Scale Barding Armor
25:06 Stone Mining
25:54 Wheelbarrow
25:05 Town Watch
26:16 Heavy Plow
29:16 Chain Barding Armor
30:37 Gold Shaft Mining
31:24 Forging
34:33 Hand Cart
36:58 Imperial Age
35:56 Iron Casting
37:38 Scale Mail Armor
37:08 Cavalier
38:45 Plate Barding Armor
39:10 Blast Furnace
38:13 Squires
37:34 Pikeman
39:31 Two-Man Saw
38:55 Chain Mail Armor
39:03 Ballistics
38:36 Fletching
38:38 Halberdier
39:02 Paladin
41:18 Chemistry
39:46 Halberdier
43:27 Arson
43:39 Bodkin Arrow
43:57 Masonry
43:58 Caravan
45:14 Bracer
45:34 Padded Archer Armor
45:31 Murder Holes
47:09 Guilds
Clay001
4:26 Loom
10:23 Feudal Age
11:55 Double-Bit Axe
16:36 Castle Age
14:59 Stone Mining
15:15 Horse Collar
17:30 Bow Saw
20:14 Heavy Plow
26:00 Wheelbarrow
25:43 Town Watch
26:11 Fletching
29:27 Hand Cart
29:38 Ballistics
29:19 Bodkin Arrow
30:18 Padded Archer Armor
31:17 Gold Mining
32:50 Town Patrol
36:50 Imperial Age
35:58 Treadmill Crane
36:31 Masonry
36:41 Leather Archer Armor
37:25 Stone Shaft Mining
38:56 Chemistry
37:28 Elite Genoese Crossbowman
38:55 Crop Rotation
39:29 Two-Man Saw
39:30 Bracer
41:40 Conscription
44:55 Elite Skirmisher
Connection lost

Rejoining the realm…

Still unreachable

The connection could not be restored.

Session expired

The server has moved on; the page needs a fresh start.